AoeStats
← Jan Itor

Arena

510076837Analyzed
4v4 RM · 2d ago on Sep 29, 2026· 48m 56s· 8 players
Game mode
Random Map
Map size
Large (8 player)
Population
200
Speed
Normal
Resources
Standard
Victory
Conquest
Starting age
Dark Age
Ending age
Imperial Age
RankedLock teamsTeams togetherTeam positionsShared explorationLock speedFull tech treeHidden civsTurbo modeCheats
Victory
Defeat
🇩🇪 Celts · Germany
1834
+7
🇫🇷 Danes · France
1784
+9
🇨🇳 Italians · China
1515
+20
🇨🇳 Koreans · China
1444
+23
🇹🇷 Khmer · Türkiye
1638
-16
🇹🇷 Mongols · Türkiye
1637
-16
🇻🇳 Cumans · Vietnam
1597
-14
🇨🇴 Byzantines · Colombia
1565
-13
Apep
11:01 Feudal Age
12:11 Horse Collar
12:17 Double-Bit Axe
15:20 Castle Age
16:43 Bow Saw
22:08 Wheelbarrow
22:11 Gold Mining
22:41 Stone Mining
27:28 Imperial Age
25:07 Loom
26:38 Fletching
26:54 Padded Archer Armor
27:18 Ballistics
27:40 Bodkin Arrow
28:21 Leather Archer Armor
28:43 Conscription
29:48 Chemistry
29:55 Elite Mangudai
30:48 Bracer
31:24 Coinage
32:22 Drill
32:14 Masonry
32:11 Husbandry
34:51 Thumb Ring
35:49 Hoardings
37:43 Heavy Plow
38:42 Onager
40:46 Bloodlines
40:59 Siege Onager
44:26 Parthian Tactics
jmolinao
11:18 Feudal Age
12:35 Double-Bit Axe
14:58 Castle Age
14:35 Loom
16:51 Horse Collar
19:47 Imperial Age
17:29 Fletching
17:40 Padded Archer Armor
21:29 Chemistry
30:41 Squires
33:45 Scale Mail Armor
34:33 Arson
36:44 Chain Mail Armor
38:42 Fortified Wall
41:34 Wheelbarrow
44:15 Hand Cart
Sekov
9:44 Feudal Age
13:45 Castle Age
12:15 Horse Collar
12:24 Double-Bit Axe
15:03 Bow Saw
15:09 Heavy Plow
27:04 Imperial Age
24:21 Loom
25:16 Wheelbarrow
25:33 Bloodlines
25:33 Husbandry
25:27 Gold Mining
26:26 Scale Barding Armor
26:32 Forging
27:38 Hand Cart
27:09 Town Watch
28:07 Chain Barding Armor
27:36 Light Cavalry
27:47 Capped Ram
28:15 Cavalier
30:42 Ballistics
31:02 Plate Barding Armor
31:01 Crop Rotation
32:02 Conscription
33:11 Chemistry
32:30 Fletching
33:16 Iron Casting
32:31 Heavy Scorpion
34:04 Fortified Wall
35:04 Siege Engineers
37:30 Bodkin Arrow
38:01 Conscription
38:48 Double Crossbow
39:21 Bracer
40:45 Hussar
42:42 Blast Furnace
This is Kawaii
8:52 Feudal Age
9:33 Double-Bit Axe
10:20 Horse Collar
10:36 Loom
15:02 Wheelbarrow
21:37 Fletching
26:00 Castle Age
25:54 Stone Mining
27:13 Bow Saw
27:06 Heavy Plow
32:23 Imperial Age
30:32 Bloodlines
31:33 Scale Barding Armor
32:50 Gold Mining
33:20 Forging
34:01 Elite Steppe Lancer
35:57 Iron Casting
35:52 Conscription
37:03 Chain Barding Armor
37:58 Blast Furnace
37:58 Light Cavalry
AOKI_Gryphon
10:51 Feudal Age
15:32 Castle Age
13:18 Double-Bit Axe
13:14 Horse Collar
15:25 Wheelbarrow
16:56 Bow Saw
21:31 Heavy Plow
23:10 Gold Mining
23:39 Hand Cart
23:42 Loom
23:43 Town Watch
24:57 Stone Mining
25:44 Gold Shaft Mining
28:13 Imperial Age
25:56 Pikeman
26:37 Squires
27:04 Scale Mail Armor
27:15 Forging
28:14 Chain Mail Armor
29:29 Iron Casting
29:50 Plate Mail Armor
28:42 Halberdier
29:08 Arson
29:16 Hamask
29:41 Onager
31:17 Siege Onager
33:39 Siege Engineers
34:11 Northmen's Fury
35:11 Conscription
34:49 Fletching
39:45 Blast Furnace
39:49 Chemistry
40:52 Capped Ram
42:38 Siege Ram
43:30 Masonry
43:42 Ballistics
43:25 Bodkin Arrow
48:43 Elite Varangian Guard
48:56 Elite Varangian Guard
喜足天
6:37 Loom
8:46 Feudal Age
10:25 Wheelbarrow
9:38 Double-Bit Axe
13:33 Fletching
28:31 Castle Age
29:45 Horse Collar
30:16 Bow Saw
31:53 Gold Mining
31:57 Stone Mining
33:32 Hand Cart
34:36 Stone Shaft Mining
34:37 Gold Shaft Mining
34:11 Elite Skirmisher
34:58 Thumb Ring
34:47 Treadmill Crane
36:48 Town Watch
37:39 Bodkin Arrow
41:48 Imperial Age
39:52 Ballistics
39:43 Fortified Wall
39:28 Murder Holes
39:44 Masonry
41:03 Eupseong
42:29 Bracer
43:31 Chemistry
42:37 Siege Engineers
42:18 Arrowslits
43:44 Two-Man Saw
42:45 Heavy Plow
43:35 Capped Ram
45:57 Architecture
白心悠哉
9:35 Feudal Age
10:20 Double-Bit Axe
13:16 Castle Age
11:43 Horse Collar
14:16 Bow Saw
19:56 Wheelbarrow
21:28 Loom
22:01 Hand Cart
21:36 Loom
22:27 Fortified Wall
22:44 Town Watch
22:53 Treadmill Crane
23:11 Gold Mining
27:02 Imperial Age
24:53 Squires
24:54 Scale Mail Armor
25:32 Forging
26:00 Chain Mail Armor
27:34 Iron Casting
28:15 Plate Mail Armor
31:02 Plate Mail Armor
31:49 Arson
35:09 Blast Furnace
34:51 Heavy Plow
38:54 Fletching
39:49 Conscription
40:38 Two-Man Saw
40:21 Bodkin Arrow
40:35 Padded Archer Armor
40:15 Elite Genoese Crossbowman
41:27 Bracer
41:50 Ballistics
41:40 Thumb Ring
42:54 Leather Archer Armor
42:41 Stone Mining
44:07 Chemistry
44:07 Ring Archer Armor
43:52 Scale Barding Armor
44:44 Husbandry
44:54 Bloodlines
44:05 Light Cavalry
45:55 Chain Barding Armor
47:22 Plate Barding Armor
47:56 Stone Shaft Mining
47:21 Hussar
Jan Itor
10:55 Feudal Age
12:02 Horse Collar
14:31 Castle Age
12:26 Double-Bit Axe
15:39 Bow Saw
15:30 Heavy Plow
18:13 Wheelbarrow
21:14 Hand Cart
24:10 Town Watch
24:10 Loom
27:44 Imperial Age
25:48 Scale Mail Armor
26:26 Forging
26:20 Gold Mining
26:21 Stone Mining
26:24 Pikeman
27:42 Chain Mail Armor
28:39 Iron Casting
29:03 Plate Mail Armor
27:56 Halberdier
30:09 Ballistics
29:42 Onager
30:58 Conscription
31:07 Siege Engineers
32:04 Siege Onager
33:38 Furor Celtica
33:52 Masonry
34:20 Coinage
34:28 Caravan
36:41 Banking
38:29 Fortified Wall
Connection lost

Rejoining the realm…

Still unreachable

The connection could not be restored.

Session expired

The server has moved on; the page needs a fresh start.